 Dungeon Sprint DCSS version 0.19-a0-664-g51fd293 (webtiles) character file.

495538 Laraso the Conqueror (level 20, -3/216 HPs)
             Began as a White Draconian Fighter on June 15, 2016.
             Was the Champion of Okawaru.
             Slain by an Executioner (9 damage)
             ... summoned by Gloorx Vloq
             ... in the Dungeon (Sprint IX: "|||||||||||||||||||||||||||||").
             The game lasted 00:52:36 (14800 turns).

Laraso the Conqueror (White Draconian Fighter)     Turns: 14800, Time: 00:52:37

Health: -3/216     AC: 23    Str: 19      XL:     20   Next: 94%
Magic:  43/43      EV: 41    Int:  5 (7)  God:    Okawaru [******]
Gold:   529        SH: 27    Dex: 35 (36) Spells: 5 memorised, 42 levels left

rFire  + + +     SeeInvis .     b - +3 double sword "Elausept" {god gift, vamp, rN+ Str+2 Dex+3}
rCold  + + +     Gourm    .     (armour unavailable)
rNeg   + + .     Faith    .     j - +0 large shield {AC+3} {god gift}
rPois  +         Spirit   .     c - +2 hat {MR+} {god gift}
rElec  +         Dismiss  +     T - +1 cloak of Indomitability {god gift, rPois}
rCorr  .         Reflect  .     E - +4 pair of gloves "Lunaqoreu" {god gift, rPois Dex+2}
SustAt .         Harm     .     q - +0 pair of boots of the King of the Hill {rF+ rC+}
MR     +++..     NoTele   +     L - amulet "Vowiaguogo" {Dismiss Dex+5}
Stlth  +++++++++.               O - ring of the Heavens {rN+ MR+ Str-2 Dex+9 Slay+3}
                                P - ring of Dim Light {*Corrode rElec rF+ rC+}

@: finesse, drained, extremely resistant to hostile enchantments, incredibly
stealthy
A: breathe frost, unfitting armour, clumsy 1, cold resistance 1, deterioration
1, dopey 1, fire resistance 1, poison resistance, cold-blooded, AC +10
a: Breathe Frost, Heroism, Finesse, Renounce Religion
}: 9/15 runes: decaying, serpentine, barnacled, slimy, elven, silver, golden,
abyssal, gossamer


You were in the Dungeon.
You worshipped Okawaru.
Okawaru was exalted by your worship.
You were very full.

You visited 1 branch You collected 1999 gold pieces.
You spent 1470 gold pieces at shops.

Inventory:

Hand Weapons
 b - the +3 double sword "Elausept" (weapon) {god gift, vamp, rN+ Str+2 Dex+3}
   (Okawaru gifted it to you in the Dungeon)

   It inflicts no extra harm, but heals its wielder somewhat when it strikes a
   living foe.
   It affects your strength (+2).
   It affects your dexterity (+3).
   It protects you from negative energy.
Armour
 c - a +2 hat of magic resistance (worn) {god gift}
 j - a +0 large shield of protection (worn) {god gift}
 q - the +0 pair of boots of the King of the Hill (worn) {rF+ rC+}
   (You found it in the Dungeon)

   It protects you from fire.
   It protects you from cold.
 E - the +4 pair of gloves "Lunaqoreu" (worn) {god gift, rPois Dex+2}
   (Okawaru gifted it to you in the Dungeon)

   It affects your dexterity (+2).
   It protects you from poison.
 T - the +1 cloak of Indomitability (worn) {god gift, rPois}
   (Okawaru gifted it to you in the Dungeon)

   It protects you from poison.
Jewellery
 a - a +4 ring of protection
 o - a +4 ring of evasion
 B - an uncursed ring of magical power
 C - an uncursed ring of protection from magic
 D - an uncursed ring of protection from fire
 L - the amulet "Vowiaguogo" (around neck) {Dismiss Dex+5}
   (You found it in the Dungeon)

   [amulet of dismissal]

   It may teleport away creatures that harm you.
   It affects your dexterity (+5).
 M - the ring "Boda Dig" {rPois rF++ rC- rN++}
   (You found it in the Dungeon)

   [ring of poison resistance]

   It greatly protects you from fire.
   It makes you vulnerable to cold.
   It protects you from poison.
   It greatly protects you from negative energy.
 N - the ring "Etiryl Ezaag" {rElec rPois MP+9 SInv}
   (You found it in the Dungeon)

   [ring of see invisible]

   It insulates you from electricity.
   It protects you from poison.
   It affects your magic capacity (+9).
   It lets you see invisible.
 O - the ring of the Heavens (right hand) {rN+ MR+ Str-2 Dex+9 Slay+3}
   (You found it in the Dungeon)

   [ring of protection from magic]

   It affects your strength (-2).
   It affects your dexterity (+9).
   It affects your accuracy and damage with ranged weapons and melee attacks
   (+3).
   It protects you from negative energy.
   It affects your resistance to hostile enchantments.
 P - the ring of Dim Light (left hand) {*Corrode rElec rF+ rC+}
   (You found it in the Dungeon)

   [ring of protection from fire]

   It protects you from fire.
   It protects you from cold.
   It insulates you from electricity.
   It may corrode you when you take damage.
Wands
 m - a wand of acid (9/15)
 S - a wand of hasting (5/9)
Scrolls
 k - 8 scrolls of remove curse
 l - 2 scrolls of amnesia
 H - 2 scrolls of enchant weapon
 K - a scroll of identify
 Q - a scroll of recharging
 R - a scroll of fear
Potions
 h - 4 potions of magic
 i - a potion of agility
 n - 5 potions of brilliance
 p - a potion of might
 t - a potion of lignification
 x - a potion of flight
 A - 2 potions of berserk rage
 G - 4 potions of cure mutation
Books
 g - a book of Spatial Translocations

   Spells                             Type                      Level
   a - Apportation                    Translocation                1
   b - Blink                          Translocation                2
   c - Shroud of Golubria             Charms/Translocation         2
   d - Portal Projectile              Translocation                3
   e - Teleport Other                 Translocation                3
   f - Passage of Golubria            Translocation                4
 r - a Young Poisoner's Handbook

   Spells                             Type                      Level
   a - Sting                          Conjuration/Poison           1
   b - Cure Poison                    Poison                       2
   c - Mephitic Cloud                 Conjuration/Poison/Air       3
   d - Olgreb's Toxic Radiance        Poison                       4
   e - Venom Bolt                     Conjuration/Poison           5
 y - a book of Transfigurations

   Spells                             Type                      Level
   a - Irradiate                      Conjuration/Transmutation    5
   b - Statue Form                    Transmutation/Earth          6
   c - Hydra Form                     Transmutation                6
   d - Dragon Form                    Transmutation                7
Miscellaneous
 f - the horn of Geryon
Comestibles
 d - 14 bread rations
 u - 28 fruits
 v - 4 meat rations


   Skills:
 O Level 27(26.8) Fighting
 O Level 27(26.8) Long Blades
 O Level 27(26.8) Dodging
 O Level 27(26.8) Stealth
 O Level 27(26.8) Shields
 * Level 19.5(19.3) Spellcasting
 * Level 12.6(12.5) Charms
 * Level 16.4(16.2) Translocations
 * Level 19.2(19.1) Transmutations
 * Level 16.5(16.3) Earth Magic
 * Level 16.1(15.9) Poison Magic
 - Level 8.6(8.5) Invocations
 * Level 18.7(18.6) Evocations


You had 42 spell levels left.
You knew the following spells:

 Your Spells              Type           Power        Failure   Level  Hunger
a - Shroud of Golubria    Chrm/Tloc      ###.......   1%          2    #......
b - Blink                 Tloc           N/A          0%          2    #......
c - Passage of Golubria   Tloc           N/A          1%          4    ####...
d - Statue Form           Tmut/Erth      ###......    1%          6    #######
q - Cure Poison           Pois           ###.......   0%          2    #......


Dungeon Overview and Level Annotations

Branches:
Dungeon (1/1)

Altars:
Cheibriados
Dithmenos
Elyvilon
Fedhas
Gozag
Hepliaklqana
Kikubaaqudgha
Makhleb
Nemelex Xobeh
Okawaru
Pakellas
Qazlal
Ru
Sif Muna
Trog
Uskayaw
Vehumet
Xom
Yredelemnul
Zin
The Shining One
Beogh
Jiyva
Lugonu

Shops:
D =[::

Annotations:
D Ereshkigal, Frederick, Gloorx Vloq, Lom Lobon, Mnoleg, Royal Jelly


Innate Abilities, Weirdness & Mutations

You can breathe waves of freezing cold.
You can buffet flying creatures when you breathe cold.
Your icy white scales are hard. (AC +10)
Your body does not fit into most forms of armour.
Your flesh is cold resistant. (rC+)
You are cold-blooded and may be slowed by cold attacks.
You are clumsy. (Dex -2)
Your body sometimes deteriorates upon taking damage.
You are dopey. (Int -2)
Your flesh is heat resistant. (rF+)
Your system is resistant to poisons. (rPois)


Message History

* * * LOW HITPOINT WARNING * * *
Gloorx Vloq is engulfed in freezing vapours.
Gloorx Vloq gestures.
You take 1 damage, and have 10/216 hp.
Unknown command.
You slash Gloorx Vloq!
You tail-slap Gloorx Vloq, but do no damage.
You are engulfed in freezing vapours.
You resist.
* * * LOW HITPOINT WARNING * * *
Mnoleg gestures.
You take 1 damage, and have 9/216 hp.
Unknown command.
You completely miss Gloorx Vloq.
You are engulfed in freezing vapours.
You resist.
Gloorx Vloq is engulfed in freezing vapours.
Gloorx Vloq calls on the powers of darkness!
Your body is wracked with pain!
* * * LOW HITPOINT WARNING * * *
The Executioner is engulfed in freezing vapours.
You block the Executioner's attack. x3
You take 2 damage, and have 7/216 hp.
Unknown command.
That item cannot be evoked!
Unknown command.
You slice Gloorx Vloq like a ripe choko!!!
You are engulfed in freezing vapours.
You resist.
* * * LOW HITPOINT WARNING * * *
The amulet "Vowiaguogo" {Dismiss Dex+5} vibrates suddenly!
Gloorx Vloq is engulfed in freezing vapours.
Gloorx Vloq gestures at you. The foul vapour misses you.
The Executioner is engulfed in freezing vapours.
The Executioner gestures.
The Executioner seems to speed up.
Mnoleg gestures.
You take 1 damage, and have 6/216 hp.
Okay, then.
You open Gloorx Vloq like a pillowcase!!!
You tail-slap Gloorx Vloq.
You are engulfed in freezing vapours.
You resist.
The Executioner is engulfed in freezing vapours.
You block the Executioner's attack. x3
Gloorx Vloq is engulfed in freezing vapours.
Gloorx Vloq completely misses you.
Unknown command.
You hit Gloorx Vloq but do no damage.
You are engulfed in freezing vapours.
You resist.
* * * LOW HITPOINT WARNING * * *
The Executioner is engulfed in freezing vapours.
You block the Executioner's attack. x2; The Executioner completely misses you.
You take 1 damage, and have 5/216 hp.
Unknown command.
You hit Gloorx Vloq.
You tail-slap Gloorx Vloq, but do no damage.
You are engulfed in freezing vapours.
You resist.
Gloorx Vloq is engulfed in freezing vapours.
You block Gloorx Vloq's attack.
Mnoleg gestures.
The Executioner is engulfed in freezing vapours.
The Executioner hits you!
You die...

▓.▓.▓.▓.▓(▓.▓.▓.▓.
▓.▓.▓.▓.▓)▓.▓.▓.▓.
▓.▓.▓'▓.▓.▓.▓.▓.▓.
▓.▓.▓.▓.▓.▓.▓.▓.▓.
▓.▓.▓.▓.▓.▓.▓.▓.▓^
▓§▓.▓.▓.▓'▓.▓.▓.▓.
▓§▓.▓.▓.▓.▓.▓.▓.▓'
▓1▓.▓.▓.▓.▓.▓.▓.▓)
▓@▓.▓.▓.▓.▓.▓.▓.▓)
▓&▓.▓.▓.▓.▓.▓.▓.▓)
▓1▓.▓.▓.▓.▓.▓.▓.▓^
▓1▓.▓.▓.▓.▓.▓.▓.▓†
▓X▓.▓'▓.▓.▓.▓.▓.▓.
▓X▓.▓.▓.▓.▓.▓'▓.▓)
▓X▓.▓.▓.▓.▓.▓.▓.▓.
▓&▓.▓.▓.▓.▓.▓.▓.▓.
▓.▓.▓.▓.▓.▓.▓.▓'


You could see Gloorx Vloq, Mnoleg, 3 tentacled monstrosities and 3 Executioners.

Vanquished Creatures
  4 ancient liches (D)
  3 orbs of fire (D)
  Mara (D)
  4 greater mummies (D)
  Boris (D)
  Margery (D)
  A curse toe (D)
  Geryon (D)
  3 golden dragons (D)
  Jory (D)
  Nikola (D)
  5 electric golems (D)
  Rupert (D)
  A lich (D)
  25 Orb Guardians (D)
  2 deep elf blademasters (D)
  A quicksilver dragon (D)
  4 acid blobs (D)
  10 sphinxes (D)
  5 deep elf master archers (D)
  A tentacled starspawn (D)
  Frances (D)
  Agnes (D)
  3 death cobs (D)
  A thorn hunter (D)
  Kirke (D)
  3 azure jellies (D)
  7 shadow dragons (D)
  3 greater nagas (D)
  2 storm dragons (D)
  3 frost giants (D)
  2 vault wardens (D)
  A draconian knight (D)
  A deep elf sorcerer (D)
  Maud (D)
  A draconian zealot (D)
  3 ghost moths (D)
  2 draconian scorchers (D)
  Louise (D)
  An orc warlord (D)
  2 emperor scorpions (D)
  2 ironheart preservers (D)
  2 draconian annihilators (D)
  2 very ugly things (D)
  6 stone giants (D)
  7 vampire knights (D)
  Azrael (D)
  3 deep elf demonologists (D)
  4 green draconians (D)
  2 black draconians (D)
  2 yellow draconians (D)
  3 white draconians (D)
  A purple draconian (D)
  4 red draconians (D)
  4 mottled draconians (D)
  3 ettins (D)
  2 merfolk javelineers (D)
  10 fire dragons (D)
  2 mummy priests (D)
  4 merfolk impalers (D)
  3 deep elf death magi (D)
  5 death oozes (D)
  Erolcha (D)
  3 ogre magi (D)
  5 yaktaur captains (D)
  3 naga warriors (D)
  2 ice dragons (D)
  2 centaur warriors (D)
  A ghost crab (D)
  25 vault guards (D)
  Erica (D)
  4 hydras (D)
  2 tengu warriors (D)
  7 merfolk aquamancers (D)
  A satyr (D)
  An alligator (D)
  2 deep troll shamans (D)
  A death yak (D)
  2 naga sharpshooters (D)
  6 orc high priests (D)
  A spriggan berserker (D)
  A deep elf knight (D)
  2 hell knights (D)
  3 giant orange brains (D)
  An unseen horror (D)
  8 swamp dragons (D)
  3 sea snakes (D)
  A hill giant (D)
  2 ironbrand convokers (D)
  An orb spider (D)
  2 griffons (D)
  3 ugly things (D)
  13 orc knights (D)
  An orc sorcerer (D)
  5 necromancers (D)
  8 wolf spiders (D)
  12 moths of wrath (D)
  A salamander (D)
  7 guardian serpents (D)
  5 naga magi (D)
  Psyche (D)
  2 vault sentinels (D)
  2 black mambas (D)
  4 spiny frogs (D)
  4 komodo dragons (D)
  A freezing wraith (D)
  A yaktaur (D)
  3 demonic crawlers (D)
  2 yaktaurs (shapeshifter) (D)
  19 guardian mummies (D)
  2 trolls (D)
  An ancient zyme (D)
  2 merfolk (D)
  A tengu conjurer (D)
  A wandering mushroom (D)
  4 giant leeches (D)
  3 jumping spiders (D)
  A two-headed ogre (D)
  A blink frog (shapeshifter) (D)
  A boulder beetle (shapeshifter) (D)
  4 blink frogs (D)
  A boulder beetle (D)
  2 slime creatures (D)
  A large abomination (D)
  11 spriggans (D)
  A shadow (D)
  A yak (shapeshifter) (D)
  A tarantella (D)
  A yak (D)
  A wraith (D)
  3 fire elementals (D)
  3 vampire mosquitoes (D)
  A mottled dragon (D)
  A soldier ant (D)
  2 water moccasins (D)
  3 hell hounds (D)
  A swamp drake (D)
  A porcupine (D)
  7 orc warriors (D)
  A phantom (D)
  An eye of draining (D)
  An ogre (D)
  A centaur (D)
  2 crocodiles (D)
  A big kobold (D)
  A giant frog (D)
  2 small abominations (D)
  2 wights (D)
  A quasit (D)
  A crimson imp (D)
  2 iron imps (D)
  3 orc priests (D)
  4 orc wizards (D)
  3 worker ants (D)
  An iguana (D)
  A sheep (D)
  A river rat (D)
  A shadow imp (D)
  A giant gecko (D)
  8 orcs (D)
  A jackal (D)
  A kobold (D)
  2 ball pythons (D)
  A jackal zombie (D)
  A quokka zombie (D)
  A briar patch (D)
  A crawling corpse (D)
486 creatures vanquished.

Vanquished Creatures (others)
  Ilsuiw (D)
  An alligator (D)
  2 merfolk aquamancers (D)
  2 spriggan druids (D)
  3 humans (D)
  An ice beast (D)
  A shadow imp (D)
  A briar patch (D)
  A crawling corpse (D)
13 creatures vanquished.

Grand Total: 499 creatures vanquished

Notes
Turn   | Place    | Note
--------------------------------------------------------------
     0 | D        | Laraso the Draconian Fighter began the quest for the Orb.
     0 | D        | Reached XP level 1. HP: 19/19 MP: 1/1
    10 | D        | Reached skill level 3 in Long Blades
    18 | D        | Reached skill level 4 in Long Blades
   105 | D        | Noticed an ogre
   105 | D        | Noticed a crimson imp
   105 | D        | Noticed a worker ant
   105 | D        | Noticed a phantom
   107 | D        | Reached XP level 2. HP: 26/26 MP: 2/2
   110 | D        | Killed an ogre
   110 | D        | Reached skill level 8 in Long Blades
   110 | D        | Reached XP level 3. HP: 31/31 MP: 3/3
   110 | D        | Reached XP level 4. HP: 38/38 MP: 4/4
   118 | D        | Reached skill level 9 in Long Blades
   138 | D        | HP: 11/38 [phantom (7)]
   143 | D        | HP: 7/38 [phantom (5)]
   144 | D        | Killed a phantom
   144 | D        | Reached skill level 11 in Long Blades
   144 | D        | Reached XP level 5. HP: 8/45 MP: 5/5
   398 | D        | Found a glowing silver altar of Zin.
   398 | D        | Found a glowing golden altar of the Shining One.
   398 | D        | Found an ancient bone altar of Kikubaaqudgha.
   398 | D        | Found a basalt altar of Yredelemnul.
   398 | D        | Found a shimmering altar of Xom.
   398 | D        | Found a radiant altar of Vehumet.
   399 | D        | Found an iron altar of Okawaru.
   400 | D        | Found a burning altar of Makhleb.
   401 | D        | Found a deep blue altar of Sif Muna.
   402 | D        | Found a bloodstained altar of Trog.
   403 | D        | Found a sparkling altar of Nemelex Xobeh.
   404 | D        | Found a white marble altar of Elyvilon.
   405 | D        | Found a roughly hewn altar of Beogh.
   406 | D        | Found a viscous altar of Jiyva.
   407 | D        | Found a corrupted altar of Lugonu.
   408 | D        | Found a blossoming altar of Fedhas.
   409 | D        | Found a snail-covered altar of Cheibriados.
   410 | D        | Found a shadowy altar of Dithmenos.
   411 | D        | Found a stormy altar of Qazlal.
   412 | D        | Found an opulent altar of Gozag.
   413 | D        | Found a sacrificial altar of Ru.
   414 | D        | Found an oddly glowing altar of Pakellas.
   415 | D        | Found a hide-covered altar of Uskayaw.
   416 | D        | Found a hazy altar of Hepliaklqana.
   433 | D        | Became a worshipper of Warmaster Okawaru
   460 | D        | Got the +2 scimitar "Zefic" {slice, rF+}
   478 | D        | Noticed a two-headed ogre
   478 | D        | Noticed a water moccasin
   478 | D        | Noticed a centaur
   478 | D        | Noticed a troll
   481 | D        | Reached skill level 12 in Long Blades
   481 | D        | Reached XP level 6. HP: 51/51 MP: 6/6
   483 | D        | Killed a two-headed ogre
   483 | D        | Reached skill level 14 in Long Blades
   486 | D        | Killed a water moccasin
   486 | D        | Reached * piety under Okawaru
   486 | D        | Your scales start taking on an icy white colour.
   486 | D        | Reached XP level 7. HP: 44/57 MP: 7/7
   486 | D        | Gained mutation: Your flesh is cold resistant. (rC+) [White Draconian growth]
   491 | D        | Reached skill level 15 in Long Blades
   493 | D        | Killed a troll
   493 | D        | Reached ** piety under Okawaru
   493 | D        | Reached skill level 16 in Long Blades
   661 | D        | Noticed a troll
   661 | D        | Noticed a hill giant
   668 | D        | Killed a troll
   668 | D        | Reached XP level 8. HP: 55/63 MP: 8/8
   669 | D        | HP: 18/63 [hill giant/giant club (24)]
   684 | D        | Killed a hill giant
   684 | D        | Reached *** piety under Okawaru
   684 | D        | Reached skill level 18 in Long Blades
   694 | D        | HP: 24/63 [burnt (2)]
   998 | D        | Noticed a komodo dragon
   998 | D        | Noticed a komodo dragon
  1004 | D        | Noticed a spiny frog
  1005 | D        | Killed a komodo dragon
  1005 | D        | Reached skill level 5 in Invocations
  1005 | D        | Reached XP level 9. HP: 70/70 MP: 8/12
  1009 | D        | Killed a komodo dragon
  1009 | D        | Reached **** piety under Okawaru
  1009 | D        | Reached skill level 7 in Invocations
  1014 | D        | Reached skill level 8 in Invocations
  1017 | D        | Noticed a komodo dragon
  1052 | D        | Reached skill level 3 in Dodging
  1056 | D        | Killed a spiny frog
  1056 | D        | Reached skill level 5 in Dodging
  1060 | D        | Killed a komodo dragon
  1060 | D        | Reached skill level 6 in Dodging
  1064 | D        | Reached skill level 7 in Dodging
  1255 | D        | Noticed a death yak
  1255 | D        | Noticed a spiny frog
  1255 | D        | Noticed a griffon
  1261 | D        | Killed a death yak
  1261 | D        | Reached ***** piety under Okawaru
  1261 | D        | Reached skill level 4 in Fighting
  1261 | D        | Reached skill level 4 in Shields
  1261 | D        | Reached skill level 2 in Evocations
  1265 | D        | Noticed a black mamba
  1265 | D        | Killed a spiny frog
  1265 | D        | Received a gift from Okawaru
  1265 | D        | Reached skill level 5 in Fighting
  1265 | D        | Reached skill level 8 in Dodging
  1265 | D        | Reached skill level 5 in Shields
  1265 | D        | Reached XP level 10. HP: 75/81 MP: 16/16
  1272 | D        | Killed a griffon
  1272 | D        | Reached skill level 6 in Fighting
  1272 | D        | Reached skill level 3 in Evocations
  1280 | D        | Reached skill level 6 in Shields
  1289 | D        | Killed a black mamba
  1289 | D        | Reached skill level 7 in Fighting
  1289 | D        | Reached skill level 9 in Dodging
  1310 | D        | HP: 34/86 [poisoned by a black mamba]
  1315 | D        | HP: 33/86 [poisoned by a black mamba]
  1322 | D        | HP: 33/86 [poisoned by a black mamba]
  1330 | D        | HP: 33/86 [poisoned by a black mamba]
  1543 | D        | Noticed a spiny frog
  1556 | D        | Reached skill level 4 in Evocations
  1558 | D        | Killed a spiny frog
  1558 | D        | Reached skill level 7 in Shields
  1573 | D        | Reached skill level 8 in Fighting
  1604 | D        | Reached skill level 8 in Shields
  1604 | D        | Reached skill level 5 in Evocations
  1774 | D        | Noticed Erolcha
  1787 | D        | Killed Erolcha
  1787 | D        | Reached skill level 9 in Fighting
  1787 | D        | Reached skill level 10 in Dodging
  1806 | D        | Noticed Psyche
  1814 | D        | Killed Psyche
  1814 | D        | Reached XP level 11. HP: 99/99 MP: 17/17
  1881 | D        | Reached skill level 9 in Shields
  1910 | D        | Noticed an orc sorcerer
  1910 | D        | Noticed an orc knight
  1916 | D        | Killed an orc sorcerer
  1916 | D        | Reached skill level 10 in Fighting
  1919 | D        | Noticed an orc knight
  1919 | D        | Reached skill level 6 in Evocations
  1927 | D        | Noticed an orc knight
  1929 | D        | Killed an orc knight
  1941 | D        | Killed an orc knight
  1941 | D        | Reached skill level 11 in Dodging
  1948 | D        | Noticed an orc knight
  1960 | D        | Killed an orc knight
  1960 | D        | Reached skill level 11 in Fighting
  1960 | D        | Reached skill level 10 in Shields
  1997 | D        | Killed an orc knight
  2003 | D        | Reached skill level 7 in Evocations
  2144 | D        | Found Gizos's Jewellery Emporium.
  2144 | D        | Noticed an orc knight
  2144 | D        | Noticed an orc high priest
  2144 | D        | Noticed an orc knight
  2144 | D        | Noticed an orc knight
  2144 | D        | Noticed an orc knight
  2145 | D        | Noticed an orc knight
  2151 | D        | Noticed an orc high priest
  2153 | D        | Killed an orc knight
  2166 | D        | Noticed a sun demon
  2167 | D        | Killed an orc high priest
  2179 | D        | Killed an orc knight
  2180 | D        | Found Goutoad's Antique Armour Shoppe.
  2181 | D        | Killed an orc knight
  2181 | D        | Reached skill level 12 in Fighting
  2181 | D        | Reached skill level 11 in Shields
  2189 | D        | Killed an orc knight
  2189 | D        | Reached skill level 12 in Dodging
  2197 | D        | Killed an orc knight
  2197 | D        | Received a gift from Okawaru
  2207 | D        | Killed an orc high priest
  2207 | D        | Reached skill level 8 in Evocations
  2209 | D        | Found Hodyahat's Book Emporium.
  2210 | D        | Noticed an orc high priest
  2211 | D        | Found Feylem's Book Shoppe.
  2215 | D        | Noticed an orc knight
  2216 | D        | Noticed an orc high priest
  2217 | D        | Noticed an orc high priest
  2218 | D        | Noticed an orc knight
  2227 | D        | Noticed an orc high priest
  2232 | D        | Noticed a sun demon
  2232 | D        | Killed an orc high priest
  2238 | D        | Killed an orc knight
  2244 | D        | Killed an orc high priest
  2244 | D        | Reached skill level 13 in Fighting
  2244 | D        | Reached skill level 12 in Shields
  2244 | D        | Reached XP level 12. HP: 79/115 MP: 18/18
  2253 | D        | Killed an orc high priest
  2260 | D        | HP: 21/115 [orc knight/glaive (34)]
  2777 | D        | Killed an orc high priest
  2777 | D        | Received a gift from Okawaru
  2777 | D        | Reached skill level 13 in Dodging
  2781 | D        | Got a pair of slimy boots {god gift}
  2792 | D        | Identified the +0 pair of boots of a treasure trove {god gift, Dex+4} (Okawaru gifted it to you in the Dungeon)
  2827 | D        | Bought a book of Spatial Translocations for 910 gold pieces
  2882 | D        | Noticed Erica
  2896 | D        | Killed Erica
  2896 | D        | Reached ****** piety under Okawaru
  2896 | D        | Reached skill level 9 in Evocations
  3080 | D        | Noticed an ice dragon
  3276 | D        | Learned a level 2 spell: Shroud of Golubria
  3281 | D        | Learned a level 4 spell: Passage of Golubria
  3290 | D        | Noticed an ettin
  3293 | D        | Noticed a fire dragon
  3302 | D        | Killed an ice dragon
  3302 | D        | Reached skill level 13 in Shields
  3317 | D        | Killed an ettin
  3317 | D        | Reached skill level 14 in Dodging
  3332 | D        | Killed a fire dragon
  3332 | D        | Reached skill level 14 in Shields
  3664 | D        | Noticed a naga warrior
  3675 | D        | Killed a naga warrior
  3693 | D        | Reached skill level 15 in Dodging
  3698 | D        | Reached skill level 15 in Shields
  3857 | D        | Noticed a merfolk aquamancer
  3857 | D        | Noticed a merfolk impaler
  3866 | D        | Noticed a satyr
  3869 | D        | Killed a merfolk aquamancer
  3873 | D        | Received a gift from Okawaru
  3873 | D        | Reached XP level 13. HP: 118/123 MP: 12/19
  3874 | D        | Got a jewelled double sword {god gift}
  3904 | D        | Killed a merfolk impaler
  3904 | D        | Reached skill level 16 in Shields
  3910 | D        | Reached skill level 16 in Dodging
  3930 | D        | HP: 46/123 [merfolk/trident (17)]
  4147 | D        | Identified the +3 double sword "Elausept" {god gift, vamp, rN+ Str+2 Dex+3} (Okawaru gifted it to you in the Dungeon)
  4181 | D        | Noticed a thorn hunter
  4204 | D        | HP: 47/123 [thorn hunter/volley of thorns (40)]
  4207 | D        | Killed a thorn hunter
  4261 | D        | Reached skill level 17 in Shields
  4442 | D        | Reached skill level 17 in Dodging
  4537 | D        | Received a gift from Okawaru
  4554 | D        | HP: 47/123 [poison (poison gas)]
  4559 | D        | HP: 41/123 [poison (poison gas)]
  4564 | D        | HP: 36/123 [poison (poison gas)]
  4569 | D        | HP: 34/123 [poison (poison gas)]
  4575 | D        | HP: 32/123 [poison (poison gas)]
  4580 | D        | HP: 31/123 [poison (poison gas)]
  4587 | D        | HP: 31/123 [poison (poison gas)]
  4595 | D        | HP: 32/123 [poison (poison gas)]
  4920 | D        | Bought a Young Poisoner's Handbook for 560 gold pieces
  4923 | D        | Learned a level 2 spell: Cure Poison
  5192 | D        | Reached skill level 1 in Poison Magic
  5195 | D        | Reached skill level 2 in Poison Magic
  5199 | D        | Reached skill level 3 in Poison Magic
  5210 | D        | Reached skill level 4 in Poison Magic
  5213 | D        | Reached skill level 5 in Poison Magic
  5238 | D        | Noticed Kirke
  5255 | D        | Killed Kirke
  5255 | D        | Reached skill level 3 in Spellcasting
  5255 | D        | Reached skill level 6 in Poison Magic
  5279 | D        | Noticed Maud
  5299 | D        | Killed Maud
  5299 | D        | Received a gift from Okawaru
  5299 | D        | Reached skill level 4 in Spellcasting
  5299 | D        | Reached skill level 7 in Poison Magic
  5352 | D        | Noticed Agnes
  5371 | D        | Killed Agnes
  5371 | D        | Reached skill level 9 in Poison Magic
  5411 | D        | Noticed a purple very ugly thing
  5411 | D        | Noticed a fire dragon
  5411 | D        | Noticed a stone giant
  5420 | D        | Noticed a frost giant
  5420 | D        | Killed a purple very ugly thing
  5420 | D        | Reached skill level 2 in Translocations
  5424 | D        | Reached skill level 3 in Translocations
  5425 | D        | Noticed a stone giant
  5428 | D        | Noticed an ettin
  5444 | D        | Killed a fire dragon
  5444 | D        | Reached skill level 4 in Translocations
  5454 | D        | Noticed a frost giant
  5455 | D        | Killed a stone giant
  5465 | D        | Killed a frost giant
  5465 | D        | Reached skill level 18 in Shields
  5465 | D        | Reached skill level 5 in Translocations
  5465 | D        | Reached XP level 14. HP: 82/130 MP: 19/21
  5480 | D        | Killed a stone giant
  5480 | D        | Reached skill level 6 in Translocations
  5494 | D        | Killed a frost giant
  5494 | D        | Reached skill level 18 in Dodging
  5494 | D        | Reached skill level 7 in Translocations
  5504 | D        | Received a gift from Okawaru
  5512 | D        | Reached skill level 8 in Translocations
  5576 | D        | Reached skill level 9 in Translocations
  5590 | D        | Noticed a red very ugly thing
  5607 | D        | Killed a green very ugly thing
  5607 | D        | Reached skill level 19 in Shields
  5631 | D        | Noticed a frost giant
  5658 | D        | Killed a frost giant
  5658 | D        | Reached skill level 10 in Translocations
  5696 | D        | Reached skill level 19 in Dodging
  5710 | D        | Noticed a vault warden
  5713 | D        | Noticed an ironheart preserver
  5744 | D        | Killed a vault warden
  5749 | D        | Reached skill level 20 in Shields
  5755 | D        | Killed an ironheart preserver
  5838 | D        | Noticed Margery
  5860 | D        | Killed Margery
  5860 | D        | Reached skill level 20 in Dodging
  5860 | D        | Reached skill level 21 in Shields
  5886 | D        | Received a gift from Okawaru
  5913 | D        | Noticed Louise
  5940 | D        | Killed Louise
  5940 | D        | Reached XP level 15. HP: 134/137 MP: 22/22
  6076 | D        | Got the +0 pair of boots of the King of the Hill {rF+ rC+}
  6286 | D        | Noticed Rupert
  6289 | D        | Paralysed by Rupert for 4 turns
  6309 | D        | Killed Rupert
  6309 | D        | Reached skill level 14 in Fighting
  6309 | D        | Reached skill level 21 in Dodging
  6328 | D        | Noticed Nikola
  6367 | D        | Killed Nikola
  6398 | D        | Received a gift from Okawaru
  6398 | D        | Reached skill level 22 in Shields
  6417 | D        | Noticed Azrael
  6441 | D        | Killed Azrael
  6451 | D        | Reached skill level 15 in Fighting
  6453 | D        | Reached skill level 19 in Long Blades
  6480 | D        | Noticed Ilsuiw
  6550 | D        | Killed Ilsuiw
  6608 | D        | Received a gift from Okawaru
  6608 | D        | Reached skill level 16 in Fighting
  6664 | D        | Got a barnacled rune of Zot
  6745 | D        | HP: 56/145 [poison (poison gas)]
  6768 | D        | Reached skill level 20 in Long Blades
  6782 | D        | Got a decaying rune of Zot
  6860 | D        | Reached skill level 22 in Dodging
  6878 | D        | Killed a ghost moth
  6878 | D        | Reached skill level 17 in Fighting
  6891 | D        | Killed a ghost moth
  6946 | D        | Killed a ghost moth
  6957 | D        | Got a gossamer rune of Zot
  7065 | D        | Noticed a greater naga
  7069 | D        | Noticed a greater naga
  7092 | D        | Killed a greater naga
  7092 | D        | Reached skill level 18 in Fighting
  7100 | D        | Killed a greater naga
  7100 | D        | Reached skill level 21 in Long Blades
  7103 | D        | Noticed a greater naga
  7131 | D        | Killed a greater naga
  7131 | D        | Reached XP level 16. HP: 159/159 MP: 23/23
  7156 | D        | Received a gift from Okawaru
  7169 | D        | Reached skill level 19 in Fighting
  7175 | D        | Got a serpentine rune of Zot
  7188 | D        | Gained mutation: Scrolls take you a little longer to read. [mutagenic meat]
  7190 | D        | Gained mutation: Your flesh is heat resistant. (rF+) [mutagenic meat]
  7191 | D        | Gained mutation: You are robust. (+10% HP) [mutagenic meat]
  7192 | D        | Gained mutation: Your system is resistant to poisons. (rPois) [mutagenic meat]
  7235 | D        | Learned a level 2 spell: Blink
  7274 | D        | Noticed Boris
  7293 | D        | Killed Boris
  7293 | D        | Reached skill level 22 in Long Blades
  7563 | D        | Reached skill level 20 in Fighting
  7635 | D        | Reached skill level 21 in Fighting
  7659 | D        | Received a gift from Okawaru
  7688 | D        | Reached skill level 22 in Fighting
  7738 | D        | Reached skill level 23 in Fighting
  7831 | D        | Reached skill level 24 in Fighting
  8692 | D        | Reached skill level 1 in Stealth
  8703 | D        | Reached skill level 2 in Stealth
  8704 | D        | Noticed a sphinx
  8713 | D        | Reached skill level 23 in Shields
  8721 | D        | Noticed a shadow dragon
  8725 | D        | Reached skill level 3 in Stealth
  8734 | D        | Noticed a shadow dragon
  8747 | D        | Reached skill level 4 in Stealth
  8749 | D        | Paralysed by a sphinx for 5 turns
  8756 | D        | Killed a sphinx
  8766 | D        | Reached skill level 25 in Fighting
  8766 | D        | Reached skill level 5 in Stealth
  8778 | D        | Killed a shadow dragon
  8797 | D        | Noticed a lich
  8807 | D        | Killed a shadow dragon
  8807 | D        | Reached skill level 6 in Stealth
  8816 | D        | Received a gift from Okawaru
  8826 | D        | Killed a lich
  8826 | D        | Reached skill level 23 in Dodging
  8826 | D        | Reached skill level 7 in Stealth
  8876 | D        | Noticed a shadow dragon
  8876 | D        | Noticed a quicksilver dragon
  8876 | D        | Noticed a shadow dragon
  8879 | D        | Noticed an ancient lich
  8880 | D        | Noticed a shadow dragon
  8895 | D        | Noticed a shadow dragon
  8900 | D        | Killed a shadow dragon
  8917 | D        | Killed an ancient lich
  8917 | D        | Received a gift from Okawaru
  8917 | D        | Reached skill level 23 in Long Blades
  8917 | D        | Reached skill level 9 in Stealth
  8917 | D        | Reached XP level 17. HP: 155/206 MP: 19/24
  8945 | D        | Reached skill level 24 in Shields
  8974 | D        | Reached skill level 10 in Stealth
  8984 | D        | Killed a quicksilver dragon
  8984 | D        | Reached skill level 26 in Fighting
  8997 | D        | Got a silver rune of Zot
  9126 | D        | Noticed Frederick
  9153 | D        | Noticed Mara
  9174 | D        | Killed Mara
  9174 | D        | Received a gift from Okawaru
  9174 | D        | Reached skill level 11 in Stealth
  9175 | D        | Got a pair of crude gloves {god gift}
  9186 | D        | Identified the +4 pair of gloves "Lunaqoreu" {god gift, rPois Dex+2} (Okawaru gifted it to you in the Dungeon)
  9433 | D        | Got the amulet "Vowiaguogo" {Dismiss Dex+5}
  9435 | D        | Got the ring "Boda Dig" {rPois rF++ rC- rN++}
  9437 | D        | Got the ring "Etiryl Ezaag" {rElec rPois MP+9 SInv}
  9439 | D        | Got the ring of the Heavens {rN+ MR+ Str-2 Dex+9 Slay+3}
  9441 | D        | Got the ring of Dim Light {*Corrode rElec rF+ rC+}
  9545 | D        | Noticed Frances
  9558 | D        | Killed Frances
  9605 | D        | Noticed Jory
  9628 | D        | Killed Jory
  9628 | D        | Reached skill level 24 in Dodging
  9723 | D        | Reached skill level 12 in Stealth
  9728 | D        | Reached skill level 24 in Long Blades
  9791 | D        | Noticed a golden dragon
  9791 | D        | Noticed a golden dragon
  9808 | D        | Killed a golden dragon
  9808 | D        | Reached skill level 25 in Shields
  9821 | D        | Killed a golden dragon
  9821 | D        | Reached skill level 27 in Fighting
  9821 | D        | Reached skill level 13 in Stealth
  9873 | D        | Reached skill level 14 in Stealth
  9888 | D        | Noticed a golden dragon
  9929 | D        | Killed a golden dragon
  9929 | D        | Received a gift from Okawaru
  9929 | D        | Reached skill level 25 in Long Blades
  9929 | D        | Reached skill level 25 in Dodging
  9973 | D        | Noticed an electric golem
  9990 | D        | Reached skill level 15 in Stealth
 10019 | D        | Reached XP level 18. HP: 220/220 MP: 1/25
 10025 | D        | Reached skill level 26 in Shields
 10050 | D        | Killed an electric golem
 10186 | D        | Reached skill level 16 in Stealth
 10240 | D        | Noticed a tentacled monstrosity
 10279 | D        | Reached skill level 26 in Long Blades
 10298 | D        | Reached skill level 17 in Stealth
 10307 | D        | Reached skill level 26 in Dodging
 10444 | D        | Noticed an Orb Guardian
 10444 | D        | Noticed an Orb Guardian
 10444 | D        | Noticed an Orb Guardian
 10444 | D        | Noticed an Orb Guardian
 10444 | D        | Noticed an Orb Guardian
 10444 | D        | Noticed an Orb Guardian
 10445 | D        | Noticed an Orb Guardian
 10450 | D        | Killed an Orb Guardian
 10462 | D        | Killed an Orb Guardian
 10462 | D        | Reached skill level 27 in Shields
 10466 | D        | Killed an Orb Guardian
 10475 | D        | Killed an Orb Guardian
 10475 | D        | Reached skill level 18 in Stealth
 10481 | D        | Killed an Orb Guardian
 10481 | D        | Received a gift from Okawaru
 10487 | D        | Killed an Orb Guardian
 10488 | D        | Noticed an Orb Guardian
 10494 | D        | Killed an Orb Guardian
 10495 | D        | Noticed an Orb Guardian
 10498 | D        | Got a faintly glowing cloak {god gift}
 10507 | D        | Killed an Orb Guardian
 10507 | D        | Reached skill level 27 in Long Blades
 10507 | D        | Reached skill level 19 in Stealth
 10513 | D        | Killed an Orb Guardian
 10525 | D        | Identified the +1 cloak of Indomitability {god gift, rPois} (Okawaru gifted it to you in the Dungeon)
 10527 | D        | Noticed an Orb Guardian
 10539 | D        | Killed an Orb Guardian
 10539 | D        | Reached skill level 27 in Dodging
 10546 | D        | Noticed an Orb Guardian
 10546 | D        | Noticed an Orb Guardian
 10546 | D        | Noticed an electric golem
 10547 | D        | Noticed an Orb Guardian
 10564 | D        | Noticed an Orb Guardian
 10571 | D        | Killed an Orb Guardian
 10571 | D        | Reached skill level 20 in Stealth
 10583 | D        | Killed an electric golem
 10583 | D        | Reached skill level 21 in Stealth
 10601 | D        | Killed an Orb Guardian
 10606 | D        | Killed an Orb Guardian
 10606 | D        | Reached skill level 22 in Stealth
 10612 | D        | Noticed an ancient lich
 10622 | D        | Killed an ancient lich
 10622 | D        | Reached skill level 23 in Stealth
 10624 | D        | Noticed an orb of fire
 10634 | D        | Lost mutation: Scrolls take you a little longer to read. [an orb of fire]
 10645 | D        | Killed an orb of fire
 10645 | D        | Reached skill level 24 in Stealth
 10645 | D        | Reached XP level 19. HP: 212/227 MP: 21/26
 10647 | D        | Noticed an electric golem
 10655 | D        | Killed an electric golem
 10655 | D        | Reached skill level 25 in Stealth
 10657 | D        | Noticed an electric golem
 10657 | D        | Noticed an ancient lich
 10658 | D        | Noticed a curse toe
 10662 | D        | Noticed an orb of fire
 10664 | D        | Killed an electric golem
 10700 | D        | HP: 90/227 [ancient lich/bolt of acid (34)]
 10700 | D        | Gained mutation: You are dopey. (Int -2) [an orb of fire]
 10720 | D        | Lost mutation: You are robust. (+10% HP) [an orb of fire]
 10747 | D        | Gained mutation: Your body sometimes deteriorates upon taking damage. [an orb of fire]
 10748 | D        | Killed an orb of fire
 10748 | D        | Reached skill level 26 in Stealth
 10822 | D        | Noticed an orb of fire
 10862 | D        | Gained mutation: You are clumsy. (Dex -2) [an orb of fire]
 10875 | D        | Killed an orb of fire
 10875 | D        | Reached skill level 27 in Stealth
 10875 | D        | Reached skill level 6 in Spellcasting
 10875 | D        | Reached skill level 3 in Charms
 10875 | D        | Reached skill level 11 in Translocations
 10875 | D        | Reached skill level 10 in Poison Magic
 10875 | D        | Reached skill level 10 in Evocations
 11095 | D        | Reached skill level 4 in Charms
 11117 | D        | Noticed an ancient lich
 11140 | D        | Killed an ancient lich
 11140 | D        | Reached skill level 7 in Spellcasting
 11140 | D        | Reached skill level 5 in Charms
 11140 | D        | Reached skill level 12 in Translocations
 11140 | D        | Reached skill level 11 in Poison Magic
 11140 | D        | Reached skill level 11 in Evocations
 11143 | D        | HP: 79/207 [??? (50)]
 11148 | D        | Killed a curse toe
 11148 | D        | Reached skill level 8 in Spellcasting
 11148 | D        | Reached skill level 6 in Charms
 11148 | D        | Reached skill level 12 in Poison Magic
 11165 | D        | Noticed an electric golem
 11174 | D        | Reached skill level 7 in Charms
 11190 | D        | Killed an electric golem
 11190 | D        | Reached skill level 9 in Spellcasting
 11190 | D        | Reached skill level 12 in Evocations
 11415 | D        | Learned a level 6 spell: Statue Form
 11435 | D        | Received a gift from Okawaru
 11435 | D        | Reached skill level 3 in Transmutations
 11447 | D        | Reached skill level 10 in Spellcasting
 11447 | D        | Reached skill level 4 in Transmutations
 11451 | D        | Reached skill level 5 in Transmutations
 11451 | D        | Reached skill level 13 in Evocations
 11461 | D        | Reached skill level 6 in Transmutations
 11472 | D        | Reached skill level 11 in Spellcasting
 11472 | D        | Reached skill level 7 in Transmutations
 11484 | D        | Reached skill level 8 in Transmutations
 11484 | D        | Reached skill level 14 in Evocations
 11502 | D        | Reached skill level 12 in Spellcasting
 11564 | D        | Reached skill level 9 in Transmutations
 11575 | D        | Reached skill level 10 in Transmutations
 11575 | D        | Reached skill level 15 in Evocations
 11593 | D        | Reached skill level 13 in Spellcasting
 11593 | D        | Reached skill level 11 in Transmutations
 11603 | D        | Reached skill level 16 in Evocations
 11832 | D        | Noticed an ancient lich
 11832 | D        | Noticed an ancient lich
 11839 | D        | Killed an ancient lich
 11839 | D        | Reached skill level 14 in Spellcasting
 11839 | D        | Reached skill level 12 in Transmutations
 11839 | D        | Reached skill level 5 in Earth Magic
 11848 | D        | Noticed an ancient lich
 11857 | D        | Reached skill level 6 in Earth Magic
 11865 | D        | Reached skill level 13 in Transmutations
 11882 | D        | Reached skill level 7 in Earth Magic
 11886 | D        | Received a gift from Okawaru
 11895 | D        | Reached skill level 15 in Spellcasting
 11899 | D        | Reached skill level 8 in Earth Magic
 12095 | D        | Reached XP level 20. HP: 216/216 MP: 39/39
 12102 | D        | Reached skill level 14 in Transmutations
 12111 | D        | Reached skill level 9 in Earth Magic
 12172 | D        | Reached skill level 10 in Earth Magic
 12181 | D        | Reached skill level 16 in Spellcasting
 12186 | D        | Reached skill level 15 in Transmutations
 12195 | D        | Reached skill level 11 in Earth Magic
 12214 | D        | Reached skill level 16 in Transmutations
 12214 | D        | Reached skill level 12 in Earth Magic
 12216 | D        | Reached skill level 17 in Spellcasting
 12253 | D        | Reached skill level 13 in Earth Magic
 12281 | D        | Reached skill level 13 in Translocations
 12292 | D        | Noticed the Royal Jelly
 12300 | D        | HP: 75/216 [acid (13)]
 12311 | D        | HP: 57/216 [acid blob/splash of acid (13)]
 12313 | D        | HP: 25/216 [acid blob/splash of acid (13)]
 12318 | D        | Reached skill level 8 in Charms
 12319 | D        | HP: 25/216 [acid blob/splash of acid (16)]
 12320 | D        | HP: 12/216 [acid (2)]
 12326 | D        | Got an elven rune of Zot
 12832 | D        | Reached skill level 17 in Transmutations
 12832 | D        | Reached skill level 13 in Poison Magic
 12876 | D        | Got a slimy rune of Zot
 13169 | D        | Reached skill level 9 in Charms
 13169 | D        | Reached skill level 14 in Earth Magic
 13180 | D        | Reached skill level 18 in Spellcasting
 13180 | D        | Reached skill level 14 in Translocations
 13182 | D        | Received a gift from Okawaru
 13187 | D        | Reached skill level 17 in Evocations
 13201 | D        | Reached skill level 10 in Charms
 13201 | D        | Reached skill level 14 in Poison Magic
 13283 | D        | Reached skill level 18 in Transmutations
 13301 | D        | HP: 81/216 [torment (52)]
 13603 | D        | Reached skill level 15 in Earth Magic
 13673 | D        | Noticed a greater mummy
 13673 | D        | Noticed a greater mummy
 13673 | D        | Noticed a greater mummy
 13673 | D        | Noticed a greater mummy
 13673 | D        | Noticed a greater mummy
 13677 | D        | Noticed a greater mummy
 13679 | D        | HP: 112/280 [greater mummy (8)]
 13681 | D        | HP: 48/280 [??? (9)]
 13845 | D        | Reached skill level 15 in Translocations
 13905 | D        | Killed a greater mummy
 13905 | D        | Reached skill level 11 in Charms
 14090 | D        | Killed a greater mummy
 14090 | D        | Received a gift from Okawaru
 14090 | D        | Reached skill level 15 in Poison Magic
 14090 | D        | Reached skill level 18 in Evocations
 14137 | D        | Killed a greater mummy
 14137 | D        | Reached skill level 19 in Spellcasting
 14479 | D        | Got a golden rune of Zot
 14493 | D        | Reached skill level 12 in Charms
 14493 | D        | Reached skill level 16 in Earth Magic
 14511 | D        | Got an abyssal rune of Zot
 14542 | D        | Reached skill level 16 in Translocations
 14671 | D        | Killed a greater mummy
 14671 | D        | Reached skill level 19 in Transmutations
 14731 | D        | Noticed Geryon
 14753 | D        | Killed Geryon
 14753 | D        | Reached skill level 16 in Poison Magic
 14756 | D        | Noticed Ereshkigal
 14756 | D        | Noticed Lom Lobon
 14761 | D        | Noticed Gloorx Vloq
 14773 | D        | HP: 77/214 [??? (49)]
 14779 | D        | HP: 77/214 [Ereshkigal (1)]
 14786 | D        | HP: 9/214 [Lom Lobon/great icy blast (40)]
 14791 | D        | Noticed Mnoleg
 14791 | D        | HP: 11/216 [Lom Lobon] (1)]
 14796 | D        | HP: 7/216 [??? (2)]
 14800 | D        | Slain by an Executioner

Vault maps used:
D:        linesprint

Skill      XL: |  1  2  3  4  5  6  7  8  9 10 11 12 13 14 15 16 17 18 19 20 |
---------------+-------------------------------------------------------------+-----
Long Blades    | 4 8 11 12 14 16 18 21 23 25 27 | 27.0
Invocations    | 5 8 |  8.6
Dodging        | 8 10 12 15 17 20 22 23 25 27 | 27.0
Fighting       | 5 9 13 18 25 27 | 27.0
Shields        | 5 8 12 15 18 21 22 23 25 27 | 27.0
Evocations     | 2 5 8 9 16 18 | 18.7
Poison Magic   | 9 12 16 | 16.1
Spellcasting   | 4 15 19 | 19.5
Translocations | 5 10 12 16 | 16.4
Stealth        | 9 15 24 27 | 27.0
Charms         | 7 12 | 12.6
Transmutations | 13 19 | 19.2
Earth Magic    | 8 16 | 16.5

Action                   |  1- 3 |  4- 6 |  7- 9 | 10-12 | 13-15 | 16-18 | 19-21 || total
-------------------------+-------+-------+-------+-------+-------+-------+-------++-------
Melee: Long sword        |    18 |    27 |       |       |       |       |       ||    45
       Tailslap          |     4 |     2 |    12 |    90 |   261 |   321 |   299 ||   989
       Scimitar          |       |     7 |    70 |   316 |       |       |       ||   393
       Double sword      |       |       |       |   142 |   964 |  1085 |   803 ||  2994
 Cast: Shroud of Golubri |       |       |       |       |     6 |     3 |     1 ||    10
       Cure Poison       |       |       |       |       |     9 |       |       ||     9
       Blink             |       |       |       |       |       |     1 |       ||     1
       Passage of Golubr |       |       |       |       |       |     3 |     1 ||     4
       Statue Form       |       |       |       |       |       |       |     4 ||     4
Invok: Heroism           |       |       |     1 |     8 |     6 |       |       ||    15
       Finesse           |       |       |       |     9 |     4 |    12 |    12 ||    37
 Abil: Breathe Frost     |       |       |     3 |     2 |     2 |     3 |       ||    10
       End Transformatio |       |       |       |       |       |       |     3 ||     3
Evoke: Wand              |       |       |     4 |     7 |       |     1 |       ||    12
  Use: Potion            |     1 |     1 |     7 |     3 |     6 |     1 |    12 ||    31
       Scroll            |       |       |     2 |     6 |     6 |     2 |     6 ||    22
 Stab: Invisible         |       |       |     1 |       |       |       |       ||     1
       Sleeping          |       |       |       |     4 |     1 |     5 |    11 ||    21
       Distracted        |       |       |       |       |       |       |     7 ||     7
  Eat: Chunk             |       |       |     4 |     4 |     7 |     9 |       ||    24
       Meat ration       |       |       |       |     1 |     2 |     2 |     3 ||     8
       Fruit             |       |       |       |       |       |       |    12 ||    12
Armor: Skin              |     3 |    10 |     9 |    14 |    77 |    50 |    26 ||   189
Dodge: Dodged            |     4 |    14 |    39 |    91 |   463 |   308 |   208 ||  1127
Block: Shield            |     7 |     7 |    36 |    90 |       |       |       ||   140
       Large shield      |       |       |       |    31 |   710 |   584 |   491 ||  1816

Table legend:
 A = Kills in this place as a percentage of kills in entire the game.
 B = Kills by you in this place as a percentage of kills by you in the entire game.
 C = Kills by friends in this place as a percentage of kills by friends in the entire game.
 D = Other kills in this place as a percentage of other kills in the entire game.
 E = Experience gained in this place as a percentage of experience gained in the entire game.
 F = Experience gained in this place divided by the number of levels of this place that you have seen.
                   A       B       C       D       E      F
               +-------+-------+-------+-------+-------+----------------------
         Total | 100.0 | 100.0 |  -nan | 100.0 | 100.0 | 578847.0
       Dungeon | 100.0 | 100.0 |  -nan | 100.0 | 100.0 | 578847.0
               +-------+-------+-------+-------+-------+----------------------

Table legend:
 A = Turns spent in this place as a percentage of turns spent in the entire game.
 B = Non-inter-level travel turns spent in this place as a percentage of non-inter-level travel turns spent in the entire game.
 C = Inter-level travel turns spent in this place as a percentage of turns spent in this place.
 D = Turns resting spent in this place as a percentage of non-inter-level travel turns spent in this place.
 E = Turns spent auto-exploring this place as a percentage of non-inter-level travel turns spent in this place.
 F = Non-inter-level travel turns spent in this place divided by the number of levels of this place that you've seen.
                   A       B       C       D       E      F
               +-------+-------+-------+-------+-------+----------------------
         Total | 100.0 | 100.0 |   0.1 |   3.5 |   0.2 | 7984.0
       Dungeon | 100.0 | 100.0 |   0.1 |   3.5 |   0.2 | 7984.0
               +-------+-------+-------+-------+-------+----------------------

Vault maps used:
D:        linesprint
